 Dungeon Crawl Stone Soup version 0.22-a0-354-g30dfbe6fde (webtiles) character file.

66167 RKaid the Warrior (level 14, -17/133 (135) HPs)
             Began as a Grey Draconian Chaos Knight on Apr 14, 2018.
             Demolished by an orc knight
             ... wielding a +0 battleaxe
              (43 damage)
             ... on level 2 of the Orcish Mines on Apr 16, 2018.
             The game lasted 01:35:37 (28181 turns).

RKaid the Warrior (Grey Draconian Chaos Knight)    Turns: 28181, Time: 01:35:37

HP:   -17/133 (135) AC: 16    Str: 12      XL:     14   Next: 78%
MP:   15/19         EV: 21    Int: 24 (25) God:    Xom [.....*]
Gold: 2106          SH:  6    Dex: 13      Spells: 11/19 levels left

rFire    + . .     SeeInvis .   a - +1 trident (flame)
rCold    + . .     Gourm    .   r - +0 buckler
rNeg     + . .     Faith    .   (armour unavailable)
rPois    +         Spirit   .   W - +1 hat {Int+3}
rElec    +         Reflect  .   c - scarf {rC+ rF+}
rCorr    .         Harm     .   f - +0 pair of gloves
MR       +....     Clarity  +   G - +0 pair of boots
Stlth    +.........             (no amulet)
HPRegen  0.32/turn              v - +2 ring of slaying
MPRegen  0.16/turn              X - ring "Jogip" {rElec rPois rN+ EV+2 Int+4}

@: lethally poisoned (-17 -> -24), drained
A: walk through water, unfitting armour, beak, hooves 1, stinger 1, clarity,
clever 1, sense surroundings 1, weak 1, wild magic 1, unbreathing, cold-blooded,
AC +13
a: Renounce Religion


You were on level 2 of the Orcish Mines.
You worshipped Xom.
You were Xom's teddy bear.
You were hungry.

You visited 3 branches of the dungeon, and saw 21 of its levels.
You also visited: Labyrinth and Sewer.

You collected 2778 gold pieces.
You spent 672 gold pieces at shops.

Inventory:

Hand Weapons
 a - a +1 trident of flaming (weapon)
   (You took it off an orc on level 3 of the Dungeon)
 b - a +6 hunting sling of freezing
   (You found it on level 9 of the Dungeon)
 e - a +2 bardiche of pain
   (You found it on level 9 of the Dungeon)
Missiles
 I - 68 sling bullets
 K - 2 throwing nets {=f}
Armour
 c - a scarf of resistance (worn)
   (You found it on level 12 of the Dungeon)
 f - a +0 pair of gloves (worn)
   (You found it on level 5 of the Dungeon)
 k - a +1 cloak
   (You found it on level 1 of the Dungeon)
 r - a +0 buckler (worn)
   (You found it in a sewer)
 G - a +0 pair of boots (worn)
   (You found it on level 7 of the Dungeon)
 T - a +0 shield
   (You found it on level 3 of the Lair of Beasts)
 W - a +1 hat of intelligence (worn)
   (You took it off Gastronok on level 8 of the Dungeon)
Magical Staves
 M - an uncursed staff of wizardry {wiz+, !a}
   (You found it on level 6 of the Lair of Beasts)
Jewellery
 m - an uncursed ring of wizardry {Wiz+}
   (You found it in a labyrinth)
 n - an uncursed ring of protection from fire {rF+}
   (You found it on level 5 of the Dungeon)
 v - a +2 ring of slaying (left hand)
   (You found it on level 3 of the Dungeon)
 x - an uncursed ring of flight {+Fly}
   (You found it on level 6 of the Lair of Beasts)
 L - an uncursed ring of protection from cold {rC+}
   (You found it in a labyrinth)
 Q - a +4 ring of evasion
   (You found it on level 2 of the Lair of Beasts)
 X - the ring "Jogip" (right hand) {rElec rPois rN+ EV+2 Int+4}
   (You bought it in a shop on level 7 of the Dungeon)

   [ring of evasion]

   It affects your evasion (+2).
   It affects your intelligence (+4).
   It insulates you from electricity.
   It protects you from poison.
   It protects you from negative energy.
Wands
 A - a wand of polymorph (3)
   (You took it off Eustachio on level 6 of the Dungeon)
 C - a wand of clouds (7)
   (You found it on level 7 of the Dungeon)
 D - a wand of digging (6)
   (You found it on level 9 of the Dungeon)
 N - a wand of disintegration (8)
   (You found it on level 11 of the Dungeon)
 S - a wand of flame (15)
   (You found it on level 4 of the Lair of Beasts)
Scrolls
 i - 7 scrolls of identify
 l - 3 scrolls of blinking {!r}
 o - 7 scrolls of remove curse
 q - 3 scrolls of immolation {!r}
 t - 6 scrolls of teleportation
 y - 4 scrolls of magic mapping {!r}
 E - a scroll of fear
 O - 3 scrolls of enchant weapon
Potions
 g - 2 potions of magic
 h - 5 potions of heal wounds
 j - 5 potions of brilliance
 p - 2 potions of haste
 s - 3 potions of agility
 w - 4 potions of curing
 z - 2 potions of cancellation
 B - 2 potions of ambrosia
 H - a potion of invisibility
 J - 2 potions of flight
 U - a potion of berserk rage {!q}
Miscellaneous
 F - a lightning rod (4/4)
   (You found it on level 9 of the Dungeon)
 P - a fan of gales
   (You found it on level 6 of the Lair of Beasts)
 V - a box of beasts
Comestibles
 d - 4 chunks of flesh
 u - 38 rations


   Skills:
 + Level 15.2(14.9) Fighting
 - Level 14.0(13.7) Polearms
 * Level 11.2(11.0) Dodging
 * Level 7.8(7.6) Shields
 - Level 3.3(3.1) Spellcasting
 - Level 7.0(6.8) Translocations
 - Level 3.0(2.8) Transmutations
 - Level 3.0(2.8) Earth Magic
 - Level 5.0(4.8) Evocations


You had 11 spell levels left.
You knew the following spells:

 Your Spells              Type           Power        Failure   Level  Hunger
a - Passage of Golubria   Tloc           N/A          10%         4    ####...
b - Animate Skeleton      Necr           N/A          16%         1    None
A - Apportation           Tloc           #####.       1%          1    None
C - Passwall              Tmut/Erth      ###.......   8%          2    ##.....


Dungeon Overview and Level Annotations

Branches:
Dungeon (13/15)            Temple (0/1) D:4            Lair (6/6) D:10
 Shoals (0/4) Lair:4        Snake (0/4) Lair:4        Slime (0/5) Lair:6
    Orc (2/2) D:12            Elf (0/3) Orc:2
 Vaults: D:13-14

Altars:
Ashenzari
Dithmenos
Fedhas
Gozag
Kikubaaqudgha
Makhleb
Nemelex Xobeh
Sif Muna
Trog
Uskayaw
Wu Jian
Xom
Zin
Beogh
Jiyva

Shops:
D:4 !%   D:7 =   D:9 *   Orc:2 ((**%}%

Annotations:
D:13 Frances
Lair:3 exclusion: oklob plant
Orc:2 exclusion: orc sorcerer


Innate Abilities, Weirdness & Mutations

You can walk through water.
Your dull iron-grey scales are very hard. (AC +13)
You cannot fit into any form of body armour.
You can survive without breathing.
You are cold-blooded and may be slowed by cold attacks.
You have a beak for a mouth.
You have large cloven feet.
Your tail ends in a poisonous barb.
You possess an exceptional clarity of mind.
Your mind is acute. (Int +2)
You passively map a small area around you.
You are weak. (Str -2)
Your spells are a little harder to cast, but a little more powerful.


Message History

The orc high priest is healed somewhat.
You closely miss the orc high priest. You tail-slap the orc high priest.
The orc high priest is poisoned.
The orc knight closely misses you.
The orc high priest prays to Beogh.
The orc high priest is healed somewhat.
You closely miss the orc high priest. You closely miss the orc high priest.
You peck the orc high priest, but do no damage.
You tail-slap the orc high priest, but do no damage.
The orc high priest closely misses you. The orc knight barely misses you.
You puncture the orc high priest! You burn the orc high priest.
You peck the orc high priest, but do no damage.
You puncture the orc high priest! You burn the orc high priest.
You peck the orc high priest, but do no damage.
Your tail-slap misses the orc high priest.
The orc knight hits you with a dire flail!!
The orc high priest prays to Beogh.
You barely miss the orc high priest.
The orc high priest prays to Beogh.
The orc knight roars a battlecry!
The orc knight goes into a battle-frenzy!
You hit the orc high priest but do no damage.
The red devil closely misses you.
You puncture the orc high priest! You burn the orc high priest.
You kill the orc high priest!
The red devil disappears in a puff of smoke!
The rust devil disappears in a puff of smoke!
The orc knight hits you but does no damage.
You closely miss the orc knight.
You tail-slap the orc knight, but do no damage. "See what I see, my child!"
You detect creatures!
The orc knight hits you with a dire flail!!!
The orc knight hits you but does no damage.
Things that are here:
a dagger; an embroidered robe
Things that are here:
a dagger; a robe; an orc skeleton You hit the orc knight.
You burn the orc knight. Your peck misses the orc knight.
You tail-slap the orc knight, but do no damage.
The orc knight completely misses you.
The orc knight hits you with a battleaxe!
Things that are here:
a dagger; an embroidered robe The orc knight hits you with a battleaxe!!
* * * LOW HITPOINT WARNING * * *
Things that are here:
a dagger; a robe; an orc skeleton Xom's power touches on a nearby monster.
The orc sorcerer evaporates and reforms as a death drake!
Things that are here:
a chain mail; a trident
Items here: ))) [[ a chain mail; a long sword; a chain mail; a hand axe; a dagger The orc knight roars a battlecry!
The orc knight goes into a battle-frenzy!
The orc knight roars a battlecry!
The orc knight goes into a battle-frenzy!
You are now Xom's teddy bear.
Things that are here:
a leather armour; a flail
Things that are here:
a chain mail; a war axe You see here a war axe.
You are feeling hungry.
Things that are here:
a leather armour; a club
Items here: ))) [[[ a ring mail; a trident; a plate armour; a halberd; a plate armour; a scimitar
Items here: )) [[ a chain mail; a scimitar of draining; a chain mail; a hand axe The orc knight no longer looks unusually strong.
Things that are here:
a steel tomahawk; a hand axe The orc knight roars a battlecry!
The orc knight goes into a battle-frenzy!
The death drake breathes miasma at you. The foul vapour engulfs you!
You are engulfed in dark miasma.
You feel your flesh rotting away!
* * * LOW HITPOINT WARNING * * *
The orc knight no longer looks unusually strong.
The orc knight roars a battlecry!
The orc knight goes into a battle-frenzy!
Casting: Passage of Golubria (safe; 10% risk of failure)
Confirm with . or Enter, or press ? or * to list all spells.
Aiming: Passage of Golubria (safe; 10% risk of failure)
Press: ? - help, Dir - move target cursor The death drake breathes miasma at you.
The foul vapour misses you.
You are engulfed in dark miasma.
You are poisoned.
You feel your flesh rotting away!
* * * LOW HITPOINT WARNING * * *
You feel sick.
The death drake enters the passage of Golubria.
You feel sick.
You feel sick.
The orc knight hits you with a battleaxe!!!
You die...
Xom guffaws!

##...###..###(## #####...###
.##..[###..###[### ##.#.#...##.
. ##...###.(##[..##
#..........# ,##...###.......#
##.#........ o ,
##...###.....## #...........
.##.#.###.....# ###.......#.# ,
*#..##...###..o.###.[[.....#...
*#..# #.## ##.o§.§....#....##..
##..# ## #..@.(........[.....
#..# ##.....#............ ..#
#..∩.∩............. #.#... *
#####......k......[... .....#*
##.##..∩.∩............( ..#.##
#...#.......[.^....(.[[ ...##
##......#..........().( ..##
#..........[.......(.( .##
#######.........[.......[...


You could see a death drake and 2 orc knights.

Vanquished Creatures
  Gastronok (D:8)
  5 dire elephants (Lair:6)
  Josephine (D:12)
  Harold (Orc:1)
  5 hydras
  An anaconda (Lair:6)
  2 two-headed ogres (D:11)
  2 death yaks (D:9)
  Urug (D:12)
  5 hell knights (D:10)
  4 orc high priests (Orc:2)
  Nergalle (D:12)
  A sixfirhy (Orc:1)
  A fire crab (Lair:6)
  An unseen horror (D:9)
  4 orc knights
  5 orc sorcerers (Orc:2)
  An ugly thing (D:12)
  A deep elf mage (D:12)
  9 elephants
  2 manticores (D:9)
  A merfolk siren (Lair:4)
  Joseph (D:8)
  A rust devil (Orc:2)
  5 black mambas
  An apocalypse crab (D:9)
  11 spiny frogs
  2 kobold demonologists (D:12)
  An ice devil (Orc:1)
  A rime drake (Lair:4)
  A troll (D:12)
  9 komodo dragons
  A polar bear (Lair:3)
  4 hornets
  8 blink frogs
  4 slime creatures (D:12)
  6 hippogriffs
  5 wraiths (D:12)
  19 yaks
  A hog (Lair:1)
  2 basilisks
  4 wyverns
  Eustachio (D:6)
  2 hungry ghosts
  A vampire mosquito (D:9)
  3 nagas (Lair:4)
  A soldier ant (D:8)
  2 wargs
  7 hell hounds (D:10)
  11 porcupines
  11 water moccasins
  A black bear (D:9)
  4 ice beasts
  4 sky beasts
  32 orc warriors
  A necrophage (D:8)
  An ice beast (shapeshifter) (D:5)
  A swamp drake (Lair:2)
  3 phantoms
  10 ogres
  15 wolves
  14 centaurs
  10 crocodiles
  3 big kobolds (D:12)
  11 bullfrogs
  4 scorpions
  5 wights
  16 killer bees
  A howler monkey (shapeshifter) (D:6)
  7 crimson imps
  2 quasits
  A centaur skeleton (D:6)
  7 jellies
  A bullfrog skeleton (D:12)
  17 orc wizards
  20 orc priests
  9 hounds
  2 iguanas
  6 worker ants
  A hell rat (D:10)
  A hound zombie (D:9)
  A hound skeleton (D:5)
  2 worker ant zombies (D:9)
  4 gnolls
  22 adders
  A river rat (shapeshifter) (D:3)
  4 shadow imps
  An ooze (D:6)
  2 adder zombies
  4 worms
  4 dart slugs
  7 leopard geckos
  68 orcs
  6 ball pythons
  11 giant cockroaches
  4 goblins
  4 hobgoblins
  12 jackals
  A quokka (D:9)
  3 bats
  10 frilled lizards
  A jackal skeleton (D:5)
  13 kobolds
  A leopard gecko skeleton (D:5)
  A leopard gecko zombie (D:8)
  8 rats
  A fungus (Lair:5)
  5 plants (Lair:6)
592 creatures vanquished.

Vanquished Creatures (collateral kills)
  An orc high priest (Orc:2)
  A hell knight (D:10)
  2 orc sorcerers (Orc:2)
  3 yaks (Lair:3)
  A neqoxec (Orc:2)
  An orc warrior (Orc:2)
  A bullfrog (D:6)
  A worker ant (D:4)
  A leopard gecko zombie (D:6)
12 creatures vanquished.

Vanquished Creatures (others)
  A dire elephant (Lair:6)
  A dancing weapon (Orc:2)
  3 blink frogs (Lair:3)
  A porcupine (Lair:3)
  15 fungi
  7 plants
  12 toadstools (Lair:3)
40 creatures vanquished.

Grand Total: 644 creatures vanquished

Notes
Turn   | Place    | Note
-------+----------+-------------------------------------------
     0 | D:1      | RKaid the Draconian Chaos Knight began the quest for the Orb.
     0 | D:1      | Reached XP level 1. HP: 19/19 MP: 1/1
    71 | D:1      | XOM: harmless Necr miscast
   131 | D:1      | Reached XP level 2. HP: 20/26 MP: 2/2
   802 | D:1      | XOM: divination: magic mapping
   819 | D:1      | XOM: divination: detect items
  1185 | D:2      | XOM: cast spell 'Leda's Liquefaction'
  1197 | D:1      | Reached XP level 3. HP: 18/33 MP: 3/3
  1353 | D:2      | XOM: harmless Ice miscast
  1402 | D:2      | Noticed a scorpion
  1418 | D:1      | XOM: divination: detect creatures
  1500 | D:2      | Reached skill level 4 in Polearms
  1576 | D:2      | XOM: cast spell 'Statue Form'
  1582 | D:2      | Reached skill level 4 in Fighting
  1612 | D:2      | XOM: 9-stop teleportation journey
  1640 | D:2      | XOM: potion effect (invisibility)
  1644 | D:2      | Reached XP level 4. HP: 40/40 MP: 4/4
  1804 | D:2      | Noticed an ogre
  1813 | D:2      | XOM: enchant monster (good)
  1817 | D:2      | Killed an ogre
  1817 | D:2      | Reached skill level 5 in Polearms
  1817 | D:2      | Reached XP level 5. HP: 16/47 MP: 5/5
  2241 | D:2      | Found a sparkling altar of Nemelex Xobeh.
  2283 | D:3      | Noticed an ogre
  2406 | D:3      | Found a glowing drain.
  2425 | D:3      | Killed an ogre
  2425 | D:3      | Reached skill level 5 in Fighting
  2425 | D:3      | Reached XP level 6. HP: 35/56 MP: 6/6
  2471 | Sewer    | Entered a sewer
  2534 | Sewer    | XOM: scenery: create altars
  2584 | Sewer    | Reached skill level 6 in Polearms
  2756 | Sewer    | XOM: fake destruction
  3181 | D:3      | XOM: god gift: ration
  3253 | D:3      | XOM: polymorph worm -> killer bee
  3531 | D:3      | Your scales start taking on a dull iron-grey colour.
  3531 | D:3      | Reached XP level 7. HP: 58/61 MP: 7/7
  3531 | D:3      | Gained mutation: You can survive without breathing. [Grey Draconian growth]
  3713 | D:3      | XOM: cloud trail
  3780 | D:3      | XOM: give mutation
  3780 | D:3      | Gained mutation: You are robust. (+10% HP) [Xom's grace]
  3821 | D:4      | Found a staircase to the Ecumenical Temple.
  3825 | D:4      | Found Aceus's Distillery.
  3833 | D:4      | Found Kunuar's Food Emporium.
  3841 | D:4      | Bought a potion of curing for 36 gold pieces
  3927 | D:4      | XOM: summons friendly shadow imp
  3936 | D:4      | Reached skill level 1 in Shields
  3988 | D:4      | XOM: 5-stop teleportation journey
  4011 | D:4      | Reached skill level 7 in Polearms
  4332 | D:5      | Entered Level 5 of the Dungeon
  4355 | D:5      | XOM: summons 3 hostile demons
  4433 | D:5      | Reached skill level 6 in Fighting
  4582 | D:5      | XOM: polymorph ogre -> ice beast
  4591 | D:5      | Reached skill level 2 in Shields
  4595 | D:5      | XOM: divination: magic mapping
  4625 | D:5      | Found a shadowy altar of Dithmenos.
  4864 | D:6      | Noticed Eustachio
  4880 | D:6      | XOM: polymorph black bear -> ogre
  4989 | D:6      | XOM: summons 3 friendly demons
  4999 | D:6      | Reached XP level 8. HP: 76/78 MP: 8/8
  5015 | D:6      | Reached skill level 8 in Polearms
  5149 | D:6      | XOM: noise
  5156 | D:6      | Reached skill level 3 in Shields
  5309 | D:6      | XOM: 4-stop teleportation journey
  5426 | D:6      | XOM: mild Hex miscast
  5468 | D:6      | Killed Eustachio
  5468 | D:6      | Reached skill level 7 in Fighting
  5520 | D:6      | XOM: give mutations
  5520 | D:6      | Gained mutation: You are resistant to hostile enchantments. (MR+) [Xom's grace]
  5520 | D:6      | Gained mutation: You are highly resistant to hostile enchantments. (MR++) [Xom's grace]
  5520 | D:6      | Gained mutation: Your muscles are strong. (Str +2) [Xom's grace]
  5520 | D:6      | Gained mutation: Your mind is acute. (Int +2) [Xom's grace]
  5878 | D:7      | XOM: summons 2 friendly demons
  6020 | D:7      | Reached skill level 9 in Polearms
  6056 | D:7      | Reached skill level 4 in Shields
  6078 | D:7      | XOM: confusion (+ monsters)
  6187 | D:7      | XOM: give mutation
  6187 | D:7      | Lost mutation: Your muscles are strong. (Str +2) [Xom's mischief]
  6241 | D:7      | Reached XP level 9. HP: 86/86 MP: 9/9
  6418 | D:7      | XOM: potion effect (berserk rage)
  6589 | D:7      | Found a deep blue altar of Sif Muna.
  6589 | D:7      | Found an ornate altar of the Wu Jian Council.
  6589 | D:7      | Found a bloodstained altar of Trog.
  6589 | D:7      | Found a glowing silver altar of Zin.
  6598 | D:7      | Found an ancient bone altar of Kikubaaqudgha.
  6598 | D:7      | Found a hide-covered altar of Uskayaw.
  6633 | D:7      | Found Detz's Jewellery Boutique.
  6651 | D:7      | XOM: summons 3 friendly demons
  6653 | D:7      | Reached skill level 8 in Fighting
  6653 | D:7      | Reached skill level 10 in Polearms
  6670 | D:7      | XOM: divination: detect creatures
  6674 | D:7      | Reached skill level 3 in Dodging
  6676 | D:7      | XOM: cast spell 'Summon Butterflies'
  6812 | D:7      | XOM: cast spell 'Summon Butterflies'
  7192 | D:8      | XOM: confuse monster(s)
  7295 | D:8      | XOM: divination: magic mapping
  7568 | D:8      | XOM: smoke on damage
  7615 | D:8      | XOM: potion effect (brilliance)
  7620 | D:8      | Reached skill level 4 in Dodging
  7701 | D:8      | Reached skill level 11 in Polearms
  7820 | D:8      | XOM: give mutations
  7820 | D:8      | Gained mutation: Your body sometimes deteriorates upon taking damage. [Xom's mischief]
  7820 | D:8      | Lost mutation: You are robust. (+10% HP) [Xom's mischief]
  7820 | D:8      | Lost mutation: Your mind is acute. (Int +2) [Xom's mischief]
  7866 | D:8      | Found a bloodstained altar of Trog.
  7866 | D:8      | Noticed Gastronok
  7915 | D:8      | Noticed Joseph
  7935 | D:8      | Killed Joseph
  7935 | D:8      | Reached skill level 9 in Fighting
  7935 | D:8      | Reached XP level 10. HP: 85/91 MP: 10/10
  8098 | D:8      | Found a shattered altar of Ashenzari.
  8368 | D:8      | Found a burning altar of Makhleb.
  8368 | D:8      | Found a shimmering altar of Xom.
  8483 | D:9      | Found Gozag's Platinum Reserve.
  8485 | D:9      | XOM: confuse monster(s)
  8487 | D:9      | Found an opulent altar of Gozag.
  8532 | D:9      | XOM: 3-stop teleportation journey
  8686 | D:9      | XOM: 3-stop teleportation journey
  8690 | D:9      | XOM: scenery: create altars
  8697 | D:9      | Reached skill level 5 in Dodging
  8700 | D:9      | XOM: god gift: scroll of noise
  9109 | D:9      | XOM: give mutations
  9109 | D:9      | Gained mutation: You are extremely resistant to the effects of hostile enchantments. (MR+++) [Xom's grace]
  9109 | D:9      | Gained mutation: You have large cloven feet. [Xom's grace]
  9109 | D:9      | Gained mutation: Your spells are a little harder to cast, but a little more powerful. [Xom's grace]
  9132 | D:9      | XOM: god gift: ration
  9162 | D:9      | Noticed a five-headed hydra
  9171 | D:9      | Killed a five-headed hydra
  9171 | D:9      | Reached skill level 12 in Polearms
  9177 | D:9      | Noticed an apocalypse crab
  9177 | D:9      | an efreet changed into an apocalypse crab
  9177 | D:9      | XOM: polymorph efreet -> apocalypse crab
  9186 | D:9      | Noticed a manticore
  9186 | D:9      | Killed an apocalypse crab
  9206 | D:9      | Killed a manticore
  9206 | D:9      | Reached skill level 10 in Fighting
  9305 | D:9      | XOM: 2-stop teleportation journey
  9341 | D:9      | XOM: harmless Summ miscast
  9408 | D:9      | Noticed a manticore
  9416 | D:9      | Killed a manticore
  9507 | D:9      | XOM: smoke on damage
  9510 | D:9      | Killed an unseen horror
  9510 | D:9      | Reached skill level 6 in Dodging
  9510 | D:9      | Reached XP level 11. HP: 70/100 MP: 11/11
  9846 | D:9      | XOM: medium Hex miscast
  9875 | D:10     | Entered Level 10 of the Dungeon
  9896 | D:10     | Found a staircase to the Lair.
  9896 | D:10     | Noticed a death yak
  9898 | D:10     | Noticed a death yak
  9899 | D:10     | Noticed a death yak
 10010 | D:10     | XOM: mild Air miscast
 10031 | D:10     | Noticed a hell knight
 10035 | D:10     | XOM: 8-stop teleportation journey
 10040 | D:10     | XOM: fog
 10076 | D:9      | XOM: summons 3 friendly demons
 10187 | D:8      | Upgraded the game from 0.22-a0-352-gc608dd7fdd to 0.22-a0-353-g2d6336e718
 10195 | D:8      | RKaid: @??gastronok
 10195 | D:8      | beem: Gastronok (w)
                  | Spd:
     5 | HD: 20   | HP: 125-171
                  | AC/EV: 3/1
                  | Dam: 40
                  | items, doors, amphibious, spellcaster, see invisible
                  | Res: magic(80), drown
                  | Chunks: noxious
                  | XP: 2231
                  | Sp: cantrip, airstrike (0-50), sum.small mammal, slow, sprint
                  | Sz: Big
                  | Int: human.
 10584 | D:10     | Identified the Grimoire of Snow
 10774 | D:10     | Learned a level 2 spell: Passwall
 10906 | D:10     | XOM: god gift: 590 gold pieces
 10936 | D:10     | XOM is BORED!
 10936 | D:10     | XOM: give mutations
 10936 | D:10     | Lost mutation: You are extremely resistant to the effects of hostile enchantments. (MR+++) [Xom's mischief]
 10936 | D:10     | Gained mutation: You have supernaturally acute eyesight. (SInv) [Xom's mischief]
 11081 | D:10     | Killed a hell knight
 11096 | D:10     | Noticed a hell knight
 11098 | D:10     | Noticed a hell knight
 11099 | D:10     | XOM: summons friendly shadow imp
 11103 | D:10     | XOM: confuse monster(s)
 11103 | D:10     | Killed a hell knight
 11103 | D:10     | Reached skill level 13 in Polearms
 11104 | D:10     | Killed a hell knight
 11108 | D:10     | Noticed a hell knight
 11121 | D:10     | Killed a hell knight
 11131 | D:10     | Noticed a hell knight
 11132 | D:10     | XOM: god gift: scroll labeled BAKHOS NI RISU {god gift}
 11133 | D:10     | Noticed a hell knight
 11151 | D:10     | Killed a hell knight
 11159 | D:10     | Reached skill level 7 in Dodging
 11167 | D:10     | XOM: cast spell 'Summon Horrible Things'
 11170 | D:10     | Killed a hell knight
 11170 | D:10     | Reached skill level 11 in Fighting
 11185 | D:10     | Noticed a hell knight
 11195 | D:10     | XOM: smoke on damage
 11416 | Lair:1   | Entered Level 1 of the Lair of Beasts
 11445 | Lair:1   | XOM: god gift: leather armour {god gift}
 11544 | Lair:1   | XOM: summons friendly iron imp
 12002 | Lair:1   | Noticed a seven-headed hydra
 12018 | Lair:1   | Killed a seven-headed hydra
 12114 | Lair:1   | XOM: fog
 12122 | Lair:1   | XOM: polymorph spiny frog -> hog
 12176 | Lair:1   | XOM: destruction
 12225 | Lair:1   | XOM: confuse monster(s)
 12234 | Lair:1   | Reached skill level 14 in Polearms
 12288 | Lair:1   | XOM: fake destruction
 12292 | Lair:1   | XOM: scenery: create altars
 12308 | Lair:1   | Reached skill level 1 in Transmutations
 12308 | Lair:1   | Reached skill level 1 in Earth Magic
 12308 | Lair:1   | Reached XP level 12. HP: 62/110 MP: 12/12
 12531 | Lair:2   | XOM: god gift: hardcover book {god gift}
 12542 | Lair:2   | XOM: cleaving
 12577 | Lair:2   | XOM: god gift: fustibalus {god gift}
 12603 | Lair:2   | XOM: 3-stop teleportation journey
 12724 | Lair:2   | Reached skill level 2 in Earth Magic
 12776 | Lair:2   | Reached skill level 2 in Transmutations
 12807 | Lair:2   | XOM: polymorph porcupine -> swamp drake
 13565 | Lair:3   | XOM: scenery: create altars
 13568 | Lair:3   | XOM: divine lightning
 13569 | Lair:3   | Reached skill level 8 in Dodging
 13569 | Lair:3   | Reached skill level 3 in Earth Magic
 13569 | Lair:3   | XOM: destruction
 13618 | Lair:3   | XOM: smoke on damage
 13644 | Lair:3   | XOM: silly message
 13654 | Lair:3   | XOM: enchant monster (good)
 13665 | Lair:3   | Reached skill level 3 in Transmutations
 13690 | Lair:3   | XOM: summons 2 friendly demons
 13704 | Lair:3   | Reached skill level 12 in Fighting
 13764 | Lair:3   | XOM: give mutation
 13764 | Lair:3   | Gained mutation: You possess an exceptional clarity of mind. [Xom's grace]
 13956 | Lair:3   | XOM: scenery: create altars
 13959 | Lair:3   | XOM: summons 6 friendly demons
 14101 | Lair:3   | XOM is BORED!
 14162 | Lair:3   | XOM: scenery: create altars
 14165 | Lair:3   | XOM: scenery: create altars
 14168 | Lair:3   | XOM: scenery: create altars
 14462 | Lair:3   | Found a blossoming altar of Fedhas.
 14463 | Lair:3   | Noticed Sonja
 14477 | Lair:3   | Noticed Sonja
 14477 | Lair:3   | Sonja changed into Sonja the yak
 14488 | Lair:3   | Killed Sonja the yak
 14665 | Lair:3   | XOM: divination: magic mapping
 14683 | Lair:4   | Reached skill level 9 in Dodging
 14686 | Lair:4   | XOM: divination: detect items
 14725 | Lair:4   | XOM: 1-stop teleportation journey
 14733 | Lair:4   | XOM: confuse monster(s)
 14821 | Lair:4   | Found a staircase to the Shoals.
 14880 | Lair:4   | XOM: enchant monster (good)
 14919 | Lair:4   | XOM: give mutations
 14919 | Lair:4   | Lost mutation: You possess an exceptional clarity of mind. [Xom's mischief]
 14919 | Lair:4   | Lost mutation: You are highly resistant to hostile enchantments. (MR++) [Xom's mischief]
 14945 | Lair:4   | Found a staircase to the Snake Pit.
 14945 | Lair:4   | XOM: 6-stop teleportation journey
 14946 | Lair:4   | XOM: noise
 14962 | Lair:4   | Reached skill level 13 in Fighting
 15374 | Lair:5   | XOM: draining
 15534 | Lair:5   | XOM: polymorph elephant -> death drake
 15544 | Lair:5   | XOM: medium Hex miscast
 15553 | Lair:5   | XOM: enchant monster (bad)
 15557 | Lair:5   | XOM: scenery: 3 fountains blood, 1 doors open
 15568 | Lair:4   | XOM: potion effect (agility)
 15580 | Lair:4   | HP: 28/113 [poisoned by something (dark miasma)]
 15583 | Lair:4   | XOM: enchant monster (good)
 15585 | Lair:4   | HP: 22/113 [poisoned by something (dark miasma)]
 15590 | Lair:4   | HP: 18/113 [poisoned by something (dark miasma)]
 15596 | Lair:3   | HP: 13/113 [poisoned by something (dark miasma)]
 15601 | Lair:3   | HP: 10/113 [poisoned by something (dark miasma)]
 15607 | Lair:3   | HP: 8/113 [poisoned by something (dark miasma)]
 15615 | Lair:3   | HP: 6/113 [poisoned by something (dark miasma)]
 15631 | Lair:3   | XOM: noise
 15713 | Lair:3   | XOM: mild Fire miscast
 15796 | Lair:3   | XOM: noise
 15904 | Lair:3   | XOM: cloud trail
 16013 | Lair:4   | Upgraded the game from 0.22-a0-353-g2d6336e718 to 0.22-a0-354-g30dfbe6fde
 16397 | Lair:5   | XOM: god gift: chain mail {god gift}
 16411 | Lair:5   | Reached skill level 10 in Dodging
 16411 | Lair:5   | Reached XP level 13. HP: 108/120 MP: 13/13
 16480 | Lair:5   | Learned a level 4 spell: Passage of Golubria
 16664 | Lair:5   | XOM: harmless Air miscast
 16828 | Lair:6   | Entered Level 6 of the Lair of Beasts
 16830 | Lair:6   | XOM: confusion (+ monsters)
 16835 | Lair:6   | XOM: swap monsters
 16846 | Lair:6   | XOM: cloud trail
 16918 | Lair:6   | Reached skill level 1 in Translocations
 16929 | Lair:6   | XOM: potion effect (agility)
 16931 | Lair:6   | XOM: cast spell 'Summon Butterflies'
 17243 | Lair:6   | XOM: cleaving
 17273 | Lair:6   | XOM: cast spell 'Dispersal'
 17282 | Lair:6   | XOM: confuse monster(s)
 17421 | Lair:5   | Reached skill level 2 in Translocations
 17578 | Lair:6   | XOM: summons friendly crimson imp
 17615 | Lair:6   | Reached skill level 3 in Translocations
 17728 | Lair:6   | XOM is BORED!
 17728 | Lair:6   | XOM: give mutations
 17728 | Lair:6   | Gained mutation: You are dopey. (Int -2) [Xom's mischief]
 17728 | Lair:6   | Lost mutation: Your body sometimes deteriorates upon taking damage. [Xom's mischief]
 17728 | Lair:6   | Lost mutation: You are dopey. (Int -2) [Xom's mischief]
 17867 | Lair:6   | Reached skill level 4 in Translocations
 17883 | Lair:6   | XOM: mild Chrm miscast
 17945 | Lair:6   | Found a viscous altar of Jiyva.
 17945 | Lair:6   | Found a staircase to the Slime Pits.
 18008 | Lair:6   | XOM: harmless Erth miscast
 18510 | Lair:6   | XOM: enchant monster (good)
 18541 | Lair:6   | Noticed a dire elephant
 18541 | Lair:6   | Noticed a dire elephant
 18541 | Lair:6   | XOM: scenery: 2 doors close
 18543 | Lair:6   | XOM: summons friendly shadow imp
 18552 | Lair:6   | XOM: 1-stop teleportation journey
 18736 | Lair:6   | Noticed a dire elephant
 18745 | Lair:6   | XOM: cleaving
 18762 | Lair:6   | Killed a dire elephant
 18762 | Lair:6   | Reached skill level 5 in Translocations
 18798 | Lair:6   | XOM: stat loss: -1 Dex (12/13)
 18806 | Lair:6   | Noticed a dire elephant
 18837 | Lair:6   | XOM: summons friendly shadow imp
 18842 | Lair:6   | XOM: enchant monster (good)
 18864 | Lair:6   | Killed a dire elephant
 18864 | Lair:6   | Reached skill level 1 in Evocations
 18868 | Lair:6   | Noticed a dire elephant
 18868 | Lair:6   | XOM: fake destruction
 18872 | Lair:6   | XOM: polymorph larval oxsting beast -> swamp drake
 18874 | Lair:6   | XOM: divine lightning
 18882 | Lair:6   | XOM: fake destruction
 18889 | Lair:6   | Noticed a dire elephant
 18889 | Lair:6   | Killed a dire elephant
 18889 | Lair:6   | XOM: divine lightning
 18917 | Lair:6   | XOM: summons friendly ufetubus
 19183 | Lair:6   | XOM: swap monsters
 19202 | Lair:6   | Killed a dire elephant
 19329 | Lair:6   | XOM: summons 7 friendly demons
 19331 | Lair:6   | Reached skill level 2 in Evocations
 19341 | Lair:6   | Reached skill level 14 in Fighting
 19348 | Lair:6   | Reached skill level 6 in Translocations
 19442 | Lair:6   | XOM: summons 9 friendly demons
 19455 | Lair:6   | Killed a dire elephant
 19455 | Lair:6   | Reached skill level 3 in Evocations
 19465 | Lair:6   | Killed a dire elephant
 19898 | D:9      | XOM: summons 2 friendly demons
 19906 | D:9      | XOM: cleaving
 19909 | D:9      | XOM: noise
 19914 | D:9      | XOM: scenery: create altars
 19916 | D:9      | XOM: confuse monster(s)
 19931 | D:9      | XOM: fog
 19940 | D:9      | HP: 21/122 [death yak (27)]
 19962 | D:9      | HP: 23/122 [death yak (5)]
 19964 | D:9      | XOM: cleaving
 19973 | D:9      | XOM: cast spell 'Monstrous Menagerie'
 20011 | D:9      | XOM: enchant monster (good)
 20335 | D:8      | Killed Gastronok
 20335 | D:8      | Reached skill level 4 in Evocations
 20391 | D:7      | Bought the ring "Jogip" {rElec rPois rN+ EV+2 Int+4} for 571 gold pieces
 20594 | D:11     | Reached skill level 7 in Translocations
 20715 | D:11     | XOM: enchant monster (bad)
 21197 | D:11     | Reached skill level 5 in Evocations
 21197 | D:11     | Reached XP level 14. HP: 131/131 MP: 17/17
 21279 | D:12     | Found a labyrinth entrance.
 21306 | Lab      | Entered a labyrinth
 21395 | Lab      | XOM: polymorph minotaur -> four-headed hydra
 21813 | D:12     | Reached skill level 1 in Spellcasting
 21828 | D:12     | XOM: summons 2 friendly demons
 21898 | D:12     | Found a staircase to the Orcish Mines.
 21949 | D:12     | XOM: enchant monster (good)
 21952 | D:12     | XOM: cleaving
 22027 | D:12     | XOM: cloud trail
 22148 | D:12     | Noticed Josephine
 22164 | D:12     | Killed Josephine
 22164 | D:12     | Reached skill level 2 in Spellcasting
 22356 | D:12     | XOM: fake destruction
 22435 | D:12     | XOM: give mutations
 22435 | D:12     | Gained mutation: You are weak. (Str -2) [Xom's mischief]
 22435 | D:12     | Lost mutation: You are resistant to hostile enchantments. (MR+) [Xom's mischief]
 22435 | D:12     | Gained mutation: You are frail. (-10% HP) [Xom's mischief]
 22435 | D:12     | Lost mutation: You are frail. (-10% HP) [Xom's mischief]
 22444 | D:12     | Noticed Nergalle
 22468 | D:12     | Killed Nergalle
 22468 | D:12     | Reached skill level 5 in Shields
 22516 | D:12     | Noticed Urug
 22527 | D:12     | XOM: destruction
 22543 | D:12     | XOM: god gift: 23 gold pieces
 22549 | D:12     | HP: 31/131 [Urug/broad axe of flaming (29)]
 22558 | D:12     | XOM: cast spell 'Chain of Chaos'
 22558 | D:12     | HP: 24/131 [Urug/javelin of returning (6)]
 22559 | D:12     | HP: 10/131 [Urug/javelin of returning (15)]
 22601 | D:11     | XOM: god gift: 12 gold pieces
 22786 | D:11     | XOM: scenery: create altars
 22910 | D:12     | XOM: harmless Summ miscast
 22916 | D:12     | Killed Urug
 23108 | D:12     | XOM: god gift: scimitar {god gift}
 23185 | D:12     | Found a glowing silver altar of Zin.
 23206 | D:12     | XOM: medium Summ miscast
 23290 | D:12     | Learned a level 1 spell: Apportation
 23292 | D:12     | Learned a level 1 spell: Animate Skeleton
 23637 | D:13     | XOM: summons friendly ufetubus
 23652 | D:13     | XOM: confusion
 23657 | D:13     | XOM: silly message
 23659 | D:13     | XOM: harmless Hex miscast
 23670 | D:13     | XOM: potion effect (agility)
 23685 | D:13     | Reached skill level 3 in Spellcasting
 23832 | D:12     | XOM: cast spell 'Leda's Liquefaction'
 23873 | D:13     | XOM: enchant monster (good)
 23878 | D:13     | Noticed Frances
 23879 | D:13     | XOM: potion effect (agility)
 23891 | Orc:1    | Entered Level 1 of the Orcish Mines
 23958 | Orc:1    | Noticed Harold
 23966 | Orc:1    | XOM: potion effect (curing)
 23979 | Orc:1    | Killed Harold
 23979 | Orc:1    | Reached skill level 6 in Shields
 24048 | Orc:1    | Found a roughly hewn altar of Beogh.
 24158 | Orc:2    | Entered Level 2 of the Orcish Mines
 24256 | Orc:2    | Found Ygymiemaott's Food Shop.
 24647 | Orc:2    | XOM: silly message
 24824 | Orc:1    | XOM: silly message
 24837 | Orc:2    | Found Fehadden's Gadget Boutique.
 25450 | Orc:1    | XOM: potion effect (might)
 26133 | Orc:2    | Found Quryu's Food Boutique.
 26139 | Orc:2    | XOM: confuse monster(s)
 26151 | Orc:2    | XOM: potion effect (curing)
 26161 | Orc:2    | XOM: medium Air miscast
 26164 | Orc:1    | XOM: blink monster(s)
 26174 | Orc:1    | XOM: swap monsters
 26380 | Orc:2    | XOM: medium Tmut miscast
 26425 | Orc:2    | Reached skill level 15 in Fighting
 26434 | Orc:2    | Found Yrhif's General Store.
 26450 | Orc:2    | XOM: confusion (+ monsters)
 26538 | Orc:2    | XOM: god gift: potion of brilliance
 26605 | Orc:2    | Found Janwaoc's General Store.
 26607 | Orc:2    | Found a staircase to the Elven Halls.
 26620 | Orc:2    | Bought a potion of heal wounds for 65 gold pieces
 26646 | Orc:2    | Found Pisud's Weapon Emporium.
 26714 | Orc:2    | Found Louteaf's Weapon Emporium.
 26757 | Orc:2    | XOM: medium Conj miscast
 26760 | Orc:2    | Reached skill level 7 in Shields
 26833 | Orc:2    | XOM: cast spell 'Summon Ice Beast'
 27019 | Orc:2    | Reached skill level 11 in Dodging
 27033 | Orc:2    | XOM: summons 8 friendly demons
 27128 | Orc:2    | XOM: divination: magic mapping
 27140 | Orc:2    | XOM: confuse monster(s)
 27202 | Orc:1    | XOM: harmless Chrm miscast
 27320 | Orc:1    | XOM is BORED!
 27320 | Orc:1    | XOM: medium Fire miscast
 27554 | Orc:2    | XOM: give mutation
 27554 | Orc:2    | Gained mutation: Your mind is acute. (Int +2) [Xom's grace]
 27581 | Orc:2    | Paralysed by an orc sorcerer for 4 turns
 27584 | Orc:2    | Lost mutation: You have supernaturally acute eyesight. (SInv) [a neqoxec]
 27842 | Orc:2    | XOM: polymorph soul eater -> sun demon
 27971 | Orc:2    | XOM: give mutations
 27971 | Orc:2    | Gained mutation: You possess an exceptional clarity of mind. [Xom's grace]
 27971 | Orc:2    | Gained mutation: Your tail ends in a poisonous barb. [Xom's grace]
 27971 | Orc:2    | Gained mutation: You passively map a small area around you. [Xom's grace]
 27971 | Orc:2    | Gained mutation: You have a beak for a mouth. [Xom's grace]
 28027 | Orc:2    | Paralysed by an orc sorcerer for 4 turns
 28078 | Orc:2    | XOM: confuse monster(s)
 28111 | Orc:2    | XOM: scenery: create altars
 28137 | Orc:2    | XOM: divination: detect creatures
 28149 | Orc:2    | XOM: polymorph orc sorcerer -> death drake
 28179 | Orc:2    | HP: 30/133 [death drake] (9)]
 28181 | Orc:2    | Demolished by an orc knight

Vault maps used:
D:1:      onia_arrival_mini_maze, serial_co_window_serial, co_window_corner_a,
          co_window_corner_a, co_window_corner_a, co_window_paths_a,
          co_window_corner_a, co_window_2corner, co_window_corner_b,
          co_window_corner_cb, co_window_4corner_a, glass_columns_b,
          glass_columns_b, glass_columns_c
D:2:      lemuel_coloured_pillars_altar, minmay_misc_feat_square,
          hangedman_glass_garden, grunt_ministairs_2, minmay_shallow_snake_nest
D:3:      portal_sewer_entry_a
D:4:      minmay_temple_entry_steel_oval, first_ration, serial_shops, shop, shop
D:5:      grunt_dithmenos_smoke
D:6:      minivault_4, kennysheep_small_spiral, wad_floor_pattern_1,
          uniq_sigmund, uniq_eustachio
D:7:      minmay_overflow_temple_hex, serial_shops, nicolae_shop_waterfront
D:8:      grunt_temple_overflow_champion_of_chaos, nicolae_ashenzari_panopticon,
          hangedman_pestilent_swarm, trog_three_pillars_becter, uniq_gastronok,
          uniq_joseph
D:9:      minmay_the_grid_triangle_9x9_rhombus_thin,
          nicolae_gozag_zags_fifth_avenue
D:10:     dpeg_lair_monsters, amethyst_killhole, minmay_rotating_lava
D:12:     orc_0_dummy, lab_entry_generic, lemuel_tele_altar, uniq_josephine,
          uniq_urug, uniq_nergalle
D:13:     uniq_frances
Lair:1:   st_stairs_3, lemuel_fruit_tree
Lair:2:   minivault_26
Lair:3:   tgw_fedhas, uniq_sonja
Lair:4:   minmay_lair_venomous_thicket, minmay_shoals_entry_lonely_mermaid,
          guppyfry_snake_entry_garden, st_stairs_5
Lair:5:   grunt_megastairs_2
Lair:6:   due_jungle_book, dpeg_slime_entry_enclosed_altar
Orc:1:    basic_altar, uniq_harold
Orc:2:    pf_orc_diabolical, serial_shops, nicolae_shop_stone, shop_fountains,
          shop, nicolae_shop_competitors_out_of_business, shop_fountains
Lab:      nicolae_lab_dead_adventurers
Sewer:    sewer_frog_island_01

Skill      XL: |  1  2  3  4  5  6  7  8  9 10 11 12 13 14 |
---------------+-------------------------------------------+-----
Polearms       | 4 5 6 7 9 11 12 14 | 14.0
Fighting       | 4 5 6 7 9 10 11 13 14 15 | 15.2
Shields        | 2 4 7 |  7.8
Dodging        | 4 6 7 10 11 | 11.2
Transmutations | 1 3 |  3.0
Earth Magic    | 1 3 |  3.0
Translocations | 7 |  7.0
Evocations     | 5 |  5.0
Spellcasting   | 3 |  3.3

Action                   |  1- 3 |  4- 6 |  7- 9 | 10-12 | 13-15 || total
-------------------------+-------+-------+-------+-------+-------++-------
Melee: Spear             |   128 |   172 |   437 |       |       ||   737
       Tailslap          |     6 |    14 |    53 |    78 |   214 ||   365
       Trident           |       |       |    81 |   762 |  1638 ||  2481
       Peck              |       |       |       |       |     9 ||     9
 Fire: Hunting sling     |       |       |       |   197 |    20 ||   217
 Cast: Passage of Golubr |       |       |       |       |     3 ||     3
       Passwall          |       |       |       |       |     1 ||     1
Evoke: Wand              |       |       |     1 |    13 |    15 ||    29
       Lightning rod     |       |       |       |       |     6 ||     6
       Box of beasts     |       |       |       |       |     1 ||     1
       Fan of gales      |       |       |       |       |     1 ||     1
  Use: Scroll            |       |       |    21 |     6 |     3 ||    30
       Potion            |       |       |       |     8 |     1 ||     9
 Stab: Sleeping          |     3 |       |     3 |     3 |     5 ||    14
       Invisible         |       |     3 |       |       |       ||     3
       Paralysed         |       |     3 |     8 |       |       ||    11
       Petrifying        |       |       |     1 |     4 |     1 ||     6
       Confused          |       |       |     4 |     2 |     8 ||    14
       Distracted        |       |       |       |     4 |     3 ||     7
       Petrified         |       |       |       |     1 |    18 ||    19
  Eat: Chunk             |     2 |     7 |     8 |    18 |    17 ||    52
       Ration            |       |       |     2 |     3 |     6 ||    11
Armor: Skin              |    45 |    42 |   132 |   153 |   224 ||   596
Dodge: Dodged            |    94 |    60 |   197 |   349 |   791 ||  1491
Block: Buckler           |       |     5 |    57 |    90 |   213 ||   365

Table legend:
 A = Spawn XP
 B = Non-spawn XP
 C = Spawn XP percentage of total XP
 D = Spawn monster count
 E = Non-spawn monster count
 F = Spawn count percentage of total count
 G = Total turns spent on level
                    A         B        C        D         E        F      G
               +---------+---------+-------+---------+---------+-------+---------
         Total |       0 |   94525 |   0.0 |       0 |     601 |   0.0 | 28181
               +---------+---------+-------+---------+---------+-------+---------
           D:1 |       0 |      43 |   0.0 |       0 |      23 |   0.0 |  1362
           D:2 |       0 |     242 |   0.0 |       0 |      23 |   0.0 |  1005
           D:3 |       0 |     237 |   0.0 |       0 |      18 |   0.0 |   853
           D:4 |       0 |     175 |   0.0 |       0 |      16 |   0.0 |   588
           D:5 |       0 |     399 |   0.0 |       0 |      16 |   0.0 |   557
           D:6 |       0 |     844 |   0.0 |       0 |      21 |   0.0 |   986
           D:7 |       0 |    1609 |   0.0 |       0 |      28 |   0.0 |  1352
           D:8 |       0 |    5317 |   0.0 |       0 |      34 |   0.0 |  1750
           D:9 |       0 |    6147 |   0.0 |       0 |      38 |   0.0 |  1669
          D:10 |       0 |    6507 |   0.0 |       0 |      32 |   0.0 |  1269
          D:11 |       0 |    4186 |   0.0 |       0 |      28 |   0.0 |  1022
          D:12 |       0 |   10295 |   0.0 |       0 |      43 |   0.0 |  2064
          D:13 |       0 |     768 |   0.0 |       0 |      10 |   0.0 |    74
        Lair:1 |       0 |    4609 |   0.0 |       0 |      16 |   0.0 |  1122
        Lair:2 |       0 |    2225 |   0.0 |       0 |      12 |   0.0 |   931
        Lair:3 |       0 |    5852 |   0.0 |       0 |      32 |   0.0 |  1845
        Lair:4 |       0 |    4419 |   0.0 |       0 |      24 |   0.0 |   677
        Lair:5 |       0 |    5245 |   0.0 |       0 |      21 |   0.0 |  1683
        Lair:6 |       0 |   16563 |   0.0 |       0 |      37 |   0.0 |  2205
         Orc:1 |       0 |    5129 |   0.0 |       0 |      37 |   0.0 |  1931
         Orc:2 |       0 |   12506 |   0.0 |       0 |      73 |   0.0 |  2359
           Lab |       0 |     994 |   0.0 |       0 |       1 |   0.0 |   256
         Sewer |       0 |     214 |   0.0 |       0 |      18 |   0.0 |   621
               +---------+---------+-------+---------+---------+-------+---------

Table legend:
 A = Turns spent in this place as a percentage of turns spent in the entire game.
 B = Non-inter-level travel turns spent in this place as a percentage of non-inter-level travel turns spent in the entire game.
 C = Inter-level travel turns spent in this place as a percentage of turns spent in this place.
 D = Turns resting spent in this place as a percentage of non-inter-level travel turns spent in this place.
 E = Turns spent auto-exploring this place as a percentage of non-inter-level travel turns spent in this place.
 F = Non-inter-level travel turns spent in this place divided by the number of levels of this place that you've seen.
                   A       B       C       D       E      F
               +-------+-------+-------+-------+-------+----------------------
         Total | 100.0 | 100.0 |   4.9 |  28.5 |  42.5 | 1165.8
       Dungeon |  51.6 |  50.6 |   6.7 |  23.8 |  48.0 | 1044.5
          Lair |  30.0 |  30.4 |   3.8 |  29.2 |  45.2 | 1357.5
  Orcish Mines |  15.2 |  15.7 |   1.8 |  43.2 |  21.9 | 2106.0
     Labyrinth |   0.9 |   1.0 |   0.0 |  44.1 |   0.0 | 256.0
         Sewer |   2.2 |   2.3 |   0.0 |  17.6 |  45.1 | 621.0
               +-------+-------+-------+-------+-------+----------------------

Table legend:
 A = Kills in this place as a percentage of kills in entire the game.
 B = Kills by you in this place as a percentage of kills by you in the entire game.
 C = Kills by friends in this place as a percentage of kills by friends in the entire game.
 D = Other kills in this place as a percentage of other kills in the entire game.
 E = Experience gained in this place as a percentage of experience gained in the entire game.
 F = Experience gained in this place divided by the number of levels of this place that you have seen.
                   A       B       C       D       E      F
               +-------+-------+-------+-------+-------+----------------------
         Total | 100.0 | 100.0 | 100.0 | 100.0 | 100.0 | 4109.8
       Dungeon |  54.9 |  55.6 |  33.3 |  41.7 |  38.9 | 2828.4
          Lair |  23.6 |  23.6 |  25.0 |  25.0 |  41.2 | 6485.5
  Orcish Mines |  18.3 |  17.5 |  41.7 |  33.3 |  18.7 | 8817.5
     Labyrinth |   0.2 |   0.2 |   0.0 |   0.0 |   1.1 | 994.0
         Sewer |   3.0 |   3.1 |   0.0 |   0.0 |   0.2 | 214.0
               +-------+-------+-------+-------+-------+----------------------
